 Dungeon Crawl Stone Soup version 0.22.0-75-g3901e79 (webtiles) character file.

61 Stendarr the Gusty (level 4, -7/30 HPs)
             Began as a Human Air Elementalist on Sept 15, 2018.
             Was an Initiate of Okawaru.
             Mangled by Crazy Yiuf
             ... wielding a +3 quarterstaff of chaos
              (14 damage)
             ... on level 3 of the Dungeon.
             The game lasted 00:10:17 (2319 turns).

Stendarr the Gusty (Human Air Elementalist)         Turns: 2319, Time: 00:10:19

Health: -7/30      AC:  2    Str: 14    XL:     4   Next: 27%
Magic:  2/7        EV: 12    Int: 16    God:    Okawaru [......]
Gold:   127        SH:  0    Dex: 13    Spells: 7/8 levels left

rFire    . . .     SeeInvis +   e - +0 spear
rCold    . . .     Gourm    .   (no shield)
rNeg     . . .     Faith    .   a - +0 robe
rPois    .         Spirit   .   (no helmet)
rElec    .         Reflect  .   (no cloak)
rCorr    .         Harm     .   (no gloves)
MR       .....                  (no boots)
Stlth    ++........             (no amulet)
HPRegen  0.10/turn              p - ring of see invisible
MPRegen  0.10/turn              (no ring)

@: mighty, very slightly contaminated, drained
A: no striking features
a: Renounce Religion


You were on level 3 of the Dungeon.
You worshipped Okawaru.
Okawaru was noncommittal.
You were not hungry.

You visited 1 branch of the dungeon, and saw 3 of its levels.

You collected 127 gold pieces.

Inventory:

Hand Weapons
 e - a +0 spear (weapon)
 f - a +0 whip
Armour
 a - a +0 robe (worn)
Jewellery
 p - a ring of see invisible (left hand)
 r - an uncursed amulet of faith {unknown}
Scrolls
 d - 2 scrolls of enchant weapon {unknown}
 g - a scroll of fog {unknown}
 h - a scroll of teleportation {unknown}
 i - a scroll of identify {unknown}
 n - a scroll of remove curse {unknown}
 o - a scroll of random uselessness {unknown}
Potions
 b - 2 potions of haste {unknown}
 j - 2 potions of curing
 k - a potion of degeneration {unknown}
 l - a potion of might
 m - a potion of brilliance {unknown}
 q - a potion of agility {unknown}
Comestibles
 c - 4 rations


   Skills:
 + Level 2.4(2.1) Dodging
 - Level 2.0(1.7) Stealth
 + Level 2.5(2.2) Spellcasting
 * Level 2.4(2.1) Conjurations
 + Level 3.4(3.1) Air Magic


You had 7 spell levels left.
You knew the following spells:

 Your Spells              Type           Power        Failure   Level  Hunger
a - Shock                 Conj/Air       ##..         7%          1    #......

Your spell library contained the following spells:

 Spells                   Type           Power        Failure   Level  Hunger
 Swiftness                Chrm/Air       #.......     16%         2    ###....
 Static Discharge         Conj/Air       ##......     21%         3    ###....
 Airstrike                Air            ##........   50%         4    #####..
 Lightning Bolt           Conj/Air       ##........   88%         5    ######.


Dungeon Overview and Level Annotations

Branches:
Dungeon (3/15)

Altars:
Ashenzari
Hepliaklqana
Nemelex Xobeh
Okawaru
Trog

Annotations:
D:3 Crazy Yiuf, Sigmund


Message History

You feel drained.
Casting: Shock (safe; 7% risk of failure)
Confirm with . or Enter, or press ? or * to list all spells.
Aiming: Shock (safe; 7% risk of failure)
Press: ? - help, Shift-Dir - straight line The zap hits Crazy Yiuf.
Crazy Yiuf is severely wounded.
The zap misses Crazy Yiuf.
Crazy Yiuf misses you.
Casting: Shock (safe; 7% risk of failure)
Confirm with . or Enter, or press ? or * to list all spells.
Aiming: Shock (safe; 7% risk of failure)
Press: ? - help, Shift-Dir - straight line The zap hits Crazy Yiuf.
Crazy Yiuf is severely wounded.
The zap hits Crazy Yiuf.
Crazy Yiuf is almost dead.
Crazy Yiuf hits you with a quarterstaff of chaos!
* * * LOW HITPOINT WARNING * * *
You are electrocuted!
You die...

#.....@.#.#...#.# ####......
##.######.......# #........# #
##.## ##.......###.##.##..#
######...####.....(...##.#>..#..#
............'......)..'(........#
######@..####.........##(#....#.#
# #...#.## ##.......###.##.#...#
# #.#...# ##.....## #.##.###.# #
# ..### ##@..## #.##.###.# # #.#
##g## #........# # #. #..##
####.##### # #) #...## #.# #.
#....# #.# #....# #.# #....#
###.# ♣P.PP♣ #...# ♣..P♣♣ #####


You could see Crazy Yiuf.

Vanquished Creatures
  2 adders (D:2)
  An ooze (D:3)
  3 dart slugs
  A leopard gecko (D:2)
  2 giant cockroaches (D:1)
  3 goblins
  5 hobgoblins
  8 kobolds
  A quokka (D:2)
  4 bats
  3 rats
33 creatures vanquished.

Notes
Turn   | Place    | Note
-------+----------+-------------------------------------------
     0 | D:1      | Stendarr the Human Air Elementalist began the quest for the
                  | Orb.
     0 | D:1      | Reached XP level 1. HP: 13/13 MP: 3/3
    87 | D:1      | Reached XP level 2. HP: 8/19 MP: 0/5
   968 | D:2      | Reached XP level 3. HP: 24/24 MP: 0/6
  1150 | D:2      | Found a sparkling altar of Nemelex Xobeh.
  1440 | D:2      | Found a hazy altar of Hepliaklqana.
  1440 | D:2      | Found an iron altar of Okawaru.
  1495 | D:2      | Became a worshipper of Warmaster Okawaru
  1637 | D:2      | Reached XP level 4. HP: 13/30 MP: 0/7
  1805 | D:2      | Found a bloodstained altar of Trog.
  1805 | D:2      | Found a shattered altar of Ashenzari.
  2188 | D:3      | Noticed Sigmund
  2293 | D:3      | Found a runed door.
  2298 | D:3      | Noticed Crazy Yiuf
  2319 | D:3      | Mangled by Crazy Yiuf

Skill      XL: |  1  2  3 |
---------------+----------+-----
Conjurations   | 2 |  2.4
Dodging        | |  2.4
Stealth        | |  2.0
Spellcasting   | |  2.5
Air Magic      | |  3.4

Action                   |  1- 3 |  4- 6 || total
-------------------------+-------+-------++-------
Melee: Spear             |    29 |    13 ||    42
 Cast: Shock             |    61 |    19 ||    80
  Use: Potion            |     1 |     1 ||     2
 Stab: Sleeping          |     2 |     1 ||     3
  Eat: Chunk             |     2 |     2 ||     4
       Ration            |       |     1 ||     1
Armor: Robe              |     7 |     2 ||     9
Dodge: Dodged            |    40 |    14 ||    54
